 Dungeon Crawl Stone Soup version 0.27.0-1-g7a089689b8 (webtiles) character file.

Game seed: 7056588405169670639

34023 ZombieSheep the Fighter (level 13, -11/123 HPs)
             Began as a Pale Draconian Transmuter on Aug 3, 2021.
             Was a High Priest of Hepliaklqana.
             Mangled by a cane toad (14 damage)
             ... on level 5 of the Lair of Beasts.
             The game lasted 00:53:12 (23437 turns).

ZombieSheep the Fighter (DrTm)                     Turns: 23437, Time: 00:53:13

Health: -11/123    AC:  9    Str: 12    XL:     13   Next: 39%
Magic:  25/26      EV: 13    Int: 19    God:    Hepliaklqana [*****.]
Gold:   938        SH:  5    Dex: 12    Spells: 20/31 levels left

rFire    + . .     SeeInvis .     - Unarmed
rCold    + + +     Faith    .   (shield currently unavailable)
rNeg     . . .     Spirit   .   (armour unavailable)
rPois    +         Reflect  +   (helmet currently unavailable)
rElec    .         Harm     .   (cloak currently unavailable)
rCorr    .         Rampage  .   (gloves currently unavailable)
Will     .....                  (boots currently unavailable)
Stlth    +.........             y - amulet of reflection
HPRegen  0.30/turn              A - ring of protection from fire
MPRegen  0.20/turn              o - ring of protection from fire

@: ice-form
A: freezing attack, amphibious, boosted hp, reduced essence, (breathe steam), AC
+8, large, unfitting armour, (cold-blooded), (steam resistance)
a: End Transformation, Renounce Religion, Recall Ancestor, Ancestor Identity,
Transference, Idealise


You were on level 5 of the Lair of Beasts.
You worshipped Hepliaklqana.
Hepliaklqana was extremely pleased with you.
You were a creature of crystalline ice.
You visited 3 branches of the dungeon, and saw 17 of its levels.

You collected 938 gold pieces.

Inventory:

Armour
 b - a +1 pair of boots (melded)
 i - a +2 pair of gloves (melded)
Jewellery
 d - a ring of magical power
 o - a ring of protection from fire (right front paw)
 y - an amulet of reflection (around neck)
 A - a ring of protection from fire (left front paw)
 C - a ring of positive energy
Wands
 e - a wand of charming (5)
 n - a wand of iceblast (19)
 v - a wand of polymorph (9)
 x - a wand of flame (37)
Scrolls
 a - 4 scrolls of teleportation
 j - 8 scrolls of amnesia
 m - 8 scrolls of vulnerability
 t - a scroll of enchant armour
 u - 4 scrolls of fog
 w - 3 scrolls of magic mapping
 z - 2 scrolls of identify
 B - 5 scrolls of enchant weapon
Potions
 c - 3 potions of brilliance
 f - a potion of mutation
 g - 5 potions of lignification
 h - 2 potions of curing
 k - 4 potions of berserk rage
 l - 3 potions of flight
 p - a potion of haste
 q - a potion of cancellation
 r - a potion of might
 s - 4 potions of ambrosia


   Skills:
 + Level 10.9 Fighting
 + Level 9.5 Dodging
 + Level 10.5 Unarmed Combat
 + Level 9.5 Spellcasting
 + Level 0.6 Summonings
 + Level 10.4 Transmutations
 - Level 5.5 Ice Magic
 - Level 2.3 Poison Magic


You had 20 spell levels left.
You knew the following spells:

 Your Spells              Type           Power      Damage    Failure   Level
a - Beastly Appendage     Tmut           96%        N/A       1%          1
b - Spider Form           Tmut/Pois      16%        N/A       1%          3
c - Ice Form              Ice/Tmut       39%        N/A       3%          4
d - Summon Guardian Gole  Hex/Summ       10%        N/A       21%         3

Your spell library contained the following spells:

 Spells                   Type           Power      Damage    Failure   Level
 Wereblood                Tmut           48%        N/A       1%          2
 Slow                     Hex            9%         N/A       12%         2
 Confusing Touch          Hex            9%         N/A       24%         3
 Stone Arrow              Conj/Erth      18%        3d8       24%         3
 Yara's Violent Unravell  Hex/Tmut       14%        3d7       26%         5
 Bolt of Magma            Conj/Fire/Erth 4%         4d5       91%         5
 Orb of Destruction       Conj           4%         9d2       100%        7
 Spellforged Servitor     Conj/Summ      5%         N/A       100%        7
 Shatter                  Erth           4%         3d8*      100%        9


Dungeon Overview and Level Annotations

Branches:
Dungeon (10/15)            Temple (1/1) D:5            Lair (6/6) D:10
  Swamp (0/4) Lair:2        Snake (0/4) Lair:2
  Slime: Lair:5-6       Orc: D:9-12

Altars:
Ashenzari
Cheibriados
Dithmenos
Elyvilon
Fedhas
Gozag
Hepliaklqana
Kikubaaqudgha
Makhleb
Nemelex Xobeh
Okawaru
Qazlal
Sif Muna
Trog
Uskayaw
Vehumet
Wu Jian
Xom
Yredelemnul
Zin

Shops:
D:6 [   D:10 [

Annotations:
D:3 3 runed translucent doors, nicksoapdish's ghost, amateur OpTm
Lair:4 exclusion: 2 oklob plants


Innate Abilities, Weirdness & Mutations

You are a creature of crystalline ice.
You have a powerful freezing melee attack.
You are amphibious.
Your maximum health is increased.
Your armour is entirely melded.
You are incapable of wielding weapons or throwing items.
Your life essence is reduced to manifest your ancestor. (-10% HP)
((You can breathe blasts of scalding, opaque steam.))
((Your pale cyan-grey scales are hard. (AC +8)))
You cannot fit into any form of body armour.
((You are cold-blooded and may be slowed by cold attacks.))
((You are immune to the effects of steam.))


Message History

The five-headed hydra completely misses Nomusa.
The five-headed hydra bites Nomusa but does no damage.
Nomusa hits the five-headed hydra with a +0 dagger of draining!
Nomusa drains the five-headed hydra.
The five-headed hydra bites Nomusa.
The five-headed hydra completely misses Nomusa.
The five-headed hydra bites Nomusa!
The five-headed hydra bites Nomusa.
Nomusa is destroyed!
The cane toad barely misses you. The sea snake bites you!
You are poisoned.
The sea snake poisons you!
The five-headed hydra roars!
You feel extremely sick. You block the cane toad's attack.
The ice encasing you melts away.
You feel extremely sick. The sea snake barely misses you.
You feel very sick.
You feel very sick. The rime drake breathes ice at you.
The flash freeze hits you! You partially resist.
You are encased in ice.
The cane toad barely misses you.
You feel very sick.
The sea snake bites you but does no damage.
There is a stone staircase leading up here.
You feel sick. You block the cane toad's attack. The sea snake bites you!
* * * LOW HITPOINT WARNING * * *
You are lethally poisoned!
The sea snake poisons you!
You climb upwards.
* * * LOW HITPOINT WARNING * * *
You feel extremely sick.
There is a stone staircase leading down here.
You feel better. The ice encasing you melts away. The cane toad stings you!
* * * LOW HITPOINT WARNING * * *
The sea snake bites you but does no damage.
The cane toad stings you!
You die...

### ♣♣♣♣♣♣#.#
♣♣P..♣♣.####### ###
♣♣P......P##P#.###.##
♣♣..♣P.♣♣.....PY.....#
♣♣PP...♣♣♣.....FS.....#
♣P♣.♣♣.♣..#..#........##
♣PP..PP♣.#.............#
♣♣♣♣♣♣♣.....PP.........#
.............#.........#
.P...>.......#........##
...........###........#
#........#.# ##.#.##.##


You could see a sea snake and a cane toad.

Vanquished Creatures
  2 hydras
  2 boulder beetles (Lair:1)
  A two-headed ogre (D:10)
  9 death yaks
  Pikel (D:9)
  2 bog bodies (Lair:2)
  2 centaur zombies (D:10)
  4 black mambas
  5 cane toads
  8 komodo dragons
  3 polar bears
  A hornet (D:8)
  4 slime creatures
  4 dream sheep (Lair:5)
  A meliai zombie (D:10)
  11 blink frogs
  A wraith (D:9)
  28 yaks
  3 wyverns
  A basilisk (Lair:3)
  2 nagas (Lair:2)
  An acid dragon (D:8)
  5 water moccasins
  2 sky beasts
  4 orc warriors
  A black bear (D:7)
  An ice beast (D:6)
  3 wolves (D:10)
  A necrophage (D:4)
  7 ogres
  A centaur (D:6)
  2 phantoms
  4 lemures (D:9)
  4 bullfrogs
  2 wyvern zombies
  A scorpion (D:5)
  A water moccasin zombie (D:6)
  7 killer bees
  4 wights (D:9)
  3 electric eels
  3 howler monkeys
  A bullfrog zombie (D:5)
  7 hounds
  A jelly (D:8)
  A centaur skeleton (D:7)
  4 orc priests
  2 iguanas (D:6)
  8 orc wizards
  4 hell rats (Lair:2)
  A hound skeleton (D:5)
  Robin (D:3)
  4 gnolls (D:2)
  7 adders
  34 orcs
  5 endoplasms
  3 giant cockroaches
  17 goblins
  7 hobgoblins
  3 jackals (D:1)
  2 quokkas
  4 ball pythons
  4 bats
  4 frilled lizards (D:1)
  5 kobolds
  4 rats
285 creatures vanquished.

Vanquished Creatures (collateral kills)
  2 hydras
  2 death yaks
  A troll (D:10)
  A dream sheep (Lair:5)
  4 blink frogs
  A wyvern (Lair:5)
  A yak (Lair:3)
  An ice beast (D:7)
  A black bear (Lair:3)
  2 bullfrogs
  An orc wizard (D:6)
  A howler monkey zombie (D:10)
  5 orcs
23 creatures vanquished.

Vanquished Creatures (others)
  8 hexers
  4 ancestors
  5 bushes
  30 fungi
  79 plants
126 creatures vanquished.

Grand Total: 434 creatures vanquished

Notes
Turn   | Place    | Note
-------+----------+-------------------------------------------
     0 | D:1      | ZombieSheep the Draconian Transmuter began the quest for
                  | the Orb.
     0 | D:1      | Reached XP level 1. HP: 16/16 MP: 3/3
   456 | D:1      | Reached XP level 2. HP: 23/23 MP: 5/5
  1182 | D:1      | Reached XP level 3. HP: 28/29 MP: 4/6
  1190 | D:1      | Learned a level 3 spell: Spider Form
  1809 | D:2      | Found a faded altar of an unknown god.
  1832 | D:2      | Found a blossoming altar of Fedhas.
  2127 | D:2      | Reached XP level 4. HP: 20/36 MP: 7/7
  2711 | D:3      | Reached skill level 1 in Poison Magic
  3180 | D:3      | Learned a level 4 spell: Ice Form
  3188 | D:3      | Found a runed translucent gate.
  3188 | D:3      | Found a runed translucent gate.
  3188 | D:3      | Found a runed translucent gate.
  3194 | D:3      | Noticed nicksoapdish's ghost (amateur OpTm)
  3215 | D:3      | Noticed a steam dragon
  3490 | D:3      | Reached XP level 5. HP: 18/41 MP: 9/9
  3758 | D:3      | Noticed Robin
  3771 | D:3      | Killed Robin
  3879 | D:4      | Noticed an ogre
  3890 | D:4      | Killed an ogre
  3986 | D:4      | Reached XP level 6. HP: 29/50 MP: 10/10
  4905 | D:5      | Entered Level 5 of the Dungeon
  4921 | D:5      | Your scales start taking on a pale cyan-grey colour.
  4921 | D:5      | Reached XP level 7. HP: 57/57 MP: 12/12
  4921 | D:5      | Gained mutation: You are immune to the effects of steam.
                  | [Pale Draconian growth]
  5311 | D:5      | Noticed a komodo dragon
  5330 | D:5      | Killed a komodo dragon
  5331 | D:5      | Reached XP level 8. HP: 43/66 MP: 14/14
  5462 | D:5      | Found a staircase to the Ecumenical Temple.
  5467 | Temple   | Entered the Ecumenical Temple
  5533 | Temple   | Became a worshipper of Hepliaklqana the Forgotten
  5592 | D:5      | Reached skill level 5 in Unarmed Combat
  6393 | D:6      | Reached skill level 5 in Transmutations
  6457 | D:6      | Reached skill level 1 in Ice Magic
  6622 | D:6      | Reached skill level 5 in Fighting
  7475 | D:6      | Found Veroicru's Antique Armour Boutique.
  7498 | D:6      | Reached XP level 9. HP: 74/74 MP: 16/16
  7616 | D:6      | Reached * piety under Hepliaklqana
  7741 | D:6      | Found a radiant altar of Vehumet.
  7981 | D:7      | Reached skill level 5 in Dodging
  7981 | D:7      | Reached skill level 5 in Spellcasting
  9008 | D:7      | Found a basalt altar of Yredelemnul.
  9818 | D:7      | Found a snail-covered altar of Cheibriados.
 10566 | D:8      | Reached XP level 10. HP: 47/75 MP: 18/18
 10787 | D:8      | Reached ** piety under Hepliaklqana
 10788 | D:8      | Remembered your ancestor Nomusa as a hexer
 12068 | D:9      | Noticed Pikel
 12094 | D:9      | Killed Pikel
 12480 | D:9      | Reached *** piety under Hepliaklqana
 12915 | D:10     | Entered Level 10 of the Dungeon
 13144 | D:10     | Found Donnukh's Armour Shoppe.
 13195 | D:10     | Reached XP level 11. HP: 84/84 MP: 21/21
 13617 | D:10     | Found an ornate altar of the Wu Jian Council.
 14003 | D:10     | Noticed a two-headed ogre
 14036 | D:10     | Killed a two-headed ogre
 14368 | D:10     | Found a staircase to the Lair.
 14920 | Lair:1   | Entered Level 1 of the Lair of Beasts
 14920 | Lair:1   | Reached **** piety under Hepliaklqana
 15012 | Lair:1   | Noticed a boulder beetle
 15033 | Lair:1   | Killed a boulder beetle
 15645 | Lair:1   | Noticed a boulder beetle
 16045 | Lair:1   | Killed a boulder beetle
 16296 | Lair:2   | Found a staircase to the Snake Pit.
 16873 | Lair:2   | Noticed a bog body
 16875 | Lair:2   | Noticed a bog body
 16892 | Lair:2   | Killed a bog body
 17156 | Lair:2   | Found a staircase to the Swamp.
 17583 | Lair:2   | You fall into a shaft and drop 1 floor!
 17597 | Lair:3   | Reached XP level 12. HP: 94/94 MP: 19/24
 17624 | Lair:3   | Noticed a six-headed hydra
 17635 | Lair:3   | Killed a six-headed hydra
 18773 | Lair:3   | Noticed a four-headed hydra
 18783 | Lair:3   | Killed a four-headed hydra
 19119 | Lair:3   | Reached ***** piety under Hepliaklqana
 19525 | Lair:4   | Reached skill level 10 in Fighting
 20119 | Lair:4   | Noticed a death yak
 20389 | Lair:3   | Killed a death yak
 20390 | Lair:3   | Reached skill level 10 in Unarmed Combat
 20522 | Lair:4   | Noticed a death yak
 20524 | Lair:4   | Noticed a death yak
 20525 | Lair:4   | Noticed a death yak
 20553 | Lair:4   | Noticed a death yak
 20554 | Lair:4   | Noticed a death yak
 20619 | Lair:3   | Killed a death yak
 20768 | Lair:3   | Killed a death yak
 20799 | Lair:3   | Killed a death yak
 20924 | Lair:3   | Killed a death yak
 20943 | Lair:4   | Killed a death yak
 20944 | Lair:4   | Reached skill level 10 in Transmutations
 21562 | Lair:5   | Reached XP level 13. HP: 102/102 MP: 26/26
 21773 | Lair:5   | Reached skill level 5 in Ice Magic
 23280 | Lair:5   | Learned a level 3 spell: Summon Guardian Golem
 23295 | Lair:6   | Entered Level 6 of the Lair of Beasts
 23437 | Lair:5   | HP: 3/123 [cane toad (11)]
 23437 | Lair:5   | Mangled by a cane toad

Illustrated notes

Levels and vault maps discovered:
D:1:      ncdulo_wetmaze, layout_rooms
D:2:      layout_basic, ebering_ecumenical_altar_abandoned, basic_altar,
          st_stairs_10, minmay_pentomino_z4
D:3:      layout_basic, gammafunk_ghost_split, grunt_ministairs_8, uniq_robin
D:4:      layout_basic
D:5:      layout_basic, minmay_temple_entry_nine_rooms
D:6:      layout_loops_ring, kennysheep_mini, serial_shops, kennysheep_mini_moat
D:7:      layout_rooms, mainiacjoe_overflow_large_starburst, enter_bailey_1,
          centaur_isle
D:8:      layout_gridville
D:9:      layout_gridville, uniq_pikel
D:10:     layout_basic, nicolae_wu_jian_immortal_techniques, erik_lair_island,
          serial_shops, nicolae_shop_window_shopping
Temple:   regret_index_temple_mists
Lair:1:   layout_concentric_octagons
Lair:2:   layout_loops_ring, skrybe_swamp_entry_bodies,
          guppyfry_snake_entry_island, serial_bayou_shore_b
Lair:3:   layout_gridlike
Lair:4:   layout_long_grid, beast_lair_carwin_7, grunt_megastairs_3,
          minmay_lair_oklob_chamber
Lair:5:   layout_roguey, serial_forest, infiniplex_forest_end_3,
          infiniplex_forest_lined_2, infiniplex_forest_straight_1,
          infiniplex_forest_lined_ring, infiniplex_forest_join,
          infiniplex_forest_corner_2, infiniplex_forest_straight_2
Lair:6:   gammafunk_lair_ancient_temple, layout_cave_pods, slime_dummy,
          infiniplex_staircase_pool_2, uniq_kirke

Skill      XL: |  1  2  3  4  5  6  7  8  9 10 11 12 13 |
---------------+----------------------------------------+-----
Dodging        | 2 3 4 5 6 8 9 |  9.5
Fighting       | 2 3 4 5 6 8 9 10 | 10.9
Poison Magic   | 1 2 |  2.3
Transmutations | 3 4 5 6 7 9 10 | 10.4
Spellcasting   | 3 4 5 7 8 9 |  9.5
Unarmed Combat | 4 5 6 8 9 10 | 10.5
Ice Magic      | 1 3 4 5 |  5.5
Summonings     | |  0.6

Action                   |  1- 3 |  4- 6 |  7- 9 | 10-12 | 13-15 || total
-------------------------+-------+-------+-------+-------+-------++-------
Melee: Unarmed           |   161 |   186 |   344 |   522 |    72 ||  1285
       Kick              |    12 |     3 |       |       |       ||    15
       Headbutt          |     9 |     2 |       |       |       ||    11
       Tailslap          |     9 |    12 |    22 |    10 |     1 ||    54
       Punch             |     2 |       |     2 |     1 |       ||     5
 Cast: Beastly Appendage |     9 |     2 |       |       |       ||    11
       Spider Form       |     1 |     7 |    14 |     2 |       ||    24
       Ice Form          |       |       |    15 |    61 |    11 ||    87
Invok: Recall Ancestor   |       |       |     1 |     1 |     2 ||     4
       Ancestor Identity |       |       |       |     2 |       ||     2
       Ancestor Life: He |       |       |       |     1 |       ||     1
 Abil: Breathe Steam     |       |       |     1 |     1 |       ||     2
       End Transformatio |       |       |       |     1 |       ||     1
  Use: Potion            |     1 |       |     2 |     3 |     1 ||     7
       Scroll            |       |    11 |     3 |    10 |       ||    24
 Stab: Distracted        |       |       |     1 |     7 |       ||     8
       Confused          |       |       |       |     1 |     1 ||     2
Armor: Skin              |    61 |    41 |    89 |   111 |    20 ||   322
Dodge: Dodged            |   114 |   106 |   219 |   221 |    33 ||   693
Block: Other             |       |       |       |    57 |    13 ||    70
